[Event "Early-Titled-Tuesday-Blitz-October-03-2023"]
[Site "Chess.com"]
[Date "2023.10.03"]
[Round "9"]
[White "Better_Chess_Faster"]
[Black "parintele_chess"]
[Result "1/2-1/2"]
[WhiteElo "2020"]
[BlackElo "2234"]
[TimeControl "180+1"]
[EndTime "9:46:44 PDT"]
[Termination "Game drawn by repetition"]

1. e4 e5 2. Nf3 Nc6 3. Bb5 a6 4.
Ba4 Nf6 5. O-O Be7 6. Re1 b5 7. Bb3 O-O 8. a4 Bb7 9. axb5 axb5 10. Rxa8 Bxa8 11. c3 d5 12. exd5 Nxd5 13. d4 exd4 14. Nxd4 Nxd4 15. cxd4 Bd6 16. Nc3 Nxc3 17. bxc3 Qh4 18.
g3 Qh3 19. d5 f5 20. f4 g5 21. Qe2 gxf4 22. Qe6+ Kh8 23. c4 Bc5+ 24. Kh1 Bd4 25. Bxf4 bxc4 26. Bxc4 Qg4 27. Be5+ Bxe5 28. Qxe5+ Qg7 29.
Qxg7+ Kxg7 30. Re7+ Rf7 31. Rxf7+ Kxf7 32. Kg1 Ke7 33. Kf2 Kd6 34. Bd3 Ke5 35. d6 cxd6 36.
Ke3 Be4 37. Bb5 d5 38. Be2 d4+ 39. Kd2 f4 40. gxf4+ Kxf4 41. Bh5 h6 42. Be2 Bf3 43. Bxf3 Kxf3 44. Kd3 Kg2 45. Kxd4 Kxh2 46. Ke3 h5 47. Kf2 h4 48. Kf1 h3 49. Kf2 Kh1 50. Kf1 Kh2 51.
Kf2 Kh1 52. Kf1 Kh2 1/2-1/2

[Event "Early-Titled-Tuesday-Blitz-October-03-2023"]
[Site "Chess.com"]
[Date "2023.10.03"]
[Round "9"]
[White "Xqswdc"]
[Black "Sergey85Rodchenkov"]
[Result "0-1"]
[WhiteElo "2326"]
[BlackElo "2524"]
[TimeControl "180+1"]
[EndTime "9:46:45 PDT"]
[Termination "Sergey85Rodchenkov won by checkmate"]

1. e4 c5 2. Nf3 d6 3. Bb5+ Nd7 4. c3 Nf6 5. O-O a6 6. Bd3 e6 7. Bc2 b5 8. d4 Bb7 9. Re1 Be7 10. Bf4 O-O 11.
Nbd2 Rc8 12. Nf1 Qc7 13. Rc1 e5 14. Bg5 h6 15. Bh4 Rfe8 16. Ne3 Bf8 17. d5 c4 18. Nf5 g6 19. Ne3 Bg7 20. Nd2 Nc5 21. f3 a5 22. Ng4 Nh7 23. Qe2 Ba6 24. Qe3 h5 25. Nf2 Nf6 26. g4 hxg4 27. fxg4 Qd7 28. Bd1 Nh7 29. Rf1 f6 30. Bf3 g5 31. Bg3 Nf8 32. Nh1 Ng6 33. Be2 Nf4 34. Bxf4 exf4 35. Qf3 Qa7 36.
Kg2 Re5 37. Nf2 Rce8 38. h4 Bb7 39. hxg5 fxg5 40. Rh1 Bxd5 41. exd5 Rxe2 42. Ne4 R8xe4 43. Rh5 R4e3 44. Qxe2 Rxe2 45. Kf3 Rxf2+ 46. Kxf2 Nd3+ 47. Ke2 Qe3+ 48. Kd1 Qxc1+ 49. Ke2 Qe3+ 50. Kf1 Qf2# 0-1

[Event "Early-Titled-Tuesday-Blitz-October-03-2023"]
[Site "Chess.com"]
[Date "2023.10.03"]
[Round "9"]
[White "PawnEatingZombie"]
[Black "ljuks68"]
[Result "1-0"]
[WhiteElo "2175"]
[BlackElo "2386"]
[TimeControl "180+1"]
[EndTime "9:46:45 PDT"]
[Termination "PawnEatingZombie won by resignation"]

1. e4 e6 2. d4 d5 3. e5 c5 4. c3 Nc6 5. Nf3 Qb6 6. Bd3 cxd4 7. O-O Bd7 8. Re1 a6 9. h4 Nge7 10. h5 h6 11. Nbd2 O-O-O 12. Nb3 dxc3 13. bxc3 f6 14.
Be3 Qc7 15. Bd4 fxe5 16. Nxe5 Nxd4 17. cxd4 Nc6 18. Nf7 Bd6 19. Nxh8 Rxh8 20. Rc1 Kb8 21. Nc5 Qd8 22. Nxd7+ Qxd7 23. Bg6 Rf8 24. Qg4 Rf6 25. g3 Bc7 26. Rb1 Ka7 27. Rb3 b5 28. Rc1 Bb6 29.
Rbc3 Nxd4 30. Rc8 b4 31. Rg8 b3 32. axb3 Nxb3 33. Rcc8 Rxf2 34. Ra8+ Kb7 35. Rgb8+ Kc6 36.
Rxb6+ Kxb6 37. Kxf2 Qd6 38. Qa4 Qc5+ 39. Kg2 Na5 40.
Qe8 Nc6 41. Qc8 Qb5 42. Rb8+ Nxb8 43. Qxb8+ Kc5 44. Qc7+ Kd4 45. Qxg7+ e5 46. Qxh6 Qb2+ 47. Kh3 e4 48. Qg7+ Kd3 49. Qxb2 1-0

[Event "Early-Titled-Tuesday-Blitz-October-03-2023"]
[Site "Chess.com"]
[Date "2023.10.03"]
[Round "9"]
[White "Vaathi_Coming"]
[Black "CSB7"]
[Result "0-1"]
[WhiteElo "2874"]
[BlackElo "2761"]
[TimeControl "180+1"]
[EndTime "9:46:46 PDT"]
[Termination "CSB7 won by resignation"]

1. Nf3 d5 2. e3 Nf6 3. d4 c5 4. Be2 Nc6 5. O-O Bg4 6. Nbd2 e6 7. h3 Bh5 8. c3 Rc8 9. a3 a6 10. dxc5 Bxc5 11. b4 Bd6 12. Bb2 Bxf3 13. Nxf3 Ne5 14.
Nd2 O-O 15. f4 Nc4 16. Nxc4 dxc4 17. Bf3 Qc7 18. Qc2 e5 19. g3 Rfe8 20. Rae1 Re7 21.
Bc1 Rce8 22. Qf2 h6 23. a4 exf4 24. exf4 Ne4 25. Bxe4 Rxe4 26. Rxe4 Rxe4 27. Re1 Qe7 28. Bd2 Rxe1+ 29. Qxe1 Qxe1+ 30. Bxe1 f5 31. Kf2 Be7 32. Ke3 Bf6 33. a5 Kf7 34. Kd2 Ke6 35. Bf2 Kd5 36. Bc5 Ke4 37. Bf2 Kf3 38. Be1 h5 39. h4 g6 40. Kd1 Be7 41. Kd2 Bd6 42. Kc2 Ke2 43. Bd2 Kf2 44. Kd1 Kxg3 45. Ke2 Bxf4 46. Be1+ Kg4 47.
Kf2 Bg3+ 0-1

[Event "Early-Titled-Tuesday-Blitz-October-03-2023"]
[Site "Chess.com"]
[Date "2023.10.03"]
[Round "9"]
[White "Kirill_Klukin"]
[Black "SharapovEvgeny"]
[Result "1/2-1/2"]
[WhiteElo "2705"]
[BlackElo "2595"]
[TimeControl "180+1"]
[EndTime "9:46:51 PDT"]
[Termination "Game drawn by repetition"]

1. d4 Nf6 2. c4 e6 3. Nc3 Bb4 4. e3 c5 5. Nf3 d6 6. Bd2 Nc6 7.
Bd3 e5 8. dxe5 Nxe5 9. Nxe5 dxe5 10. Qc2 O-O 11. a3 Bxc3 12. Bxc3 Qe7 13. O-O h6 14.
Rae1 Re8 15. f4 e4 16. Be2 Bf5 17. Rd1 Rad8 18. h3 h5 19. Bxf6 Qxf6 20. Bxh5 Qh4 21.
Rxd8 Rxd8 22. Rd1 Rd3 23. Qe2 Qg3 24. Rxd3 exd3 25. Qf2 Qxf2+ 26. Kxf2 Be6 27. b3 b5 28. cxb5 Bxb3 29. Ke1 Ba4 30. Kd2 Bxb5 31. Bf3 Kf8 32. Bd5 c4 33. g4 Ke7 34. h4 f6 35. g5 fxg5 36. hxg5 Kd6 37. e4 Kc5 38. Kc3 Bc6 39.
Bxc4 d2 40. Be2 Bxe4 41. Kxd2 Kd4 42. Bg4 g6 43. Ke2 Bd3+ 44. Kf3 Be4+ 45. Kg3 Ke3 46. Be6 a5 47. Bd7 Bd3 48. Kg4 Be2+ 49. Kg3 Bd3 50. Bc6 Bf5 51. Bf3 Bd3 52. Bd1 Bf5 53. Bg4 Bd3 54.
Bd7 Be4 55. Bb5 Bf5 56. Ba4 Be4 57. Bb3 Bf5 58. Bd5 Bd3 59. Be6 Be4 60. Kg4 Bf3+ 61.
Kg3 Be4 1/2-1/2

[Event "Early-Titled-Tuesday-Blitz-October-03-2023"]
[Site "Chess.com"]
[Date "2023.10.03"]
[Round "9"]
[White "Good_Knight_Kiss"]
[Black "Wizard_97"]
[Result "0-1"]
[WhiteElo "2420"]
[BlackElo "2536"]
[TimeControl "180+1"]
[EndTime "9:46:51 PDT"]
[Termination "Wizard_97 won on time"]

1. e4 c5 2. Nf3 d6 3. d4 cxd4 4. Nxd4 Nf6 5. Nc3 g6 6. Be3 Bg7 7. f3 O-O 8. Qd2 Nc6 9. O-O-O d5 10. Qe1 e5 11. Nxc6 bxc6 12. exd5 Nxd5 13. Bc4 Be6 14. Ne4 Qc7 15. Bc5 Rfd8 16. g4 h6 17. h4 Nf4 18.
Bxe6 Nxe6 19. Bd6 Qb6 20. h5 g5 21. Qc3 Nd4 22. Kb1 Nb5 23. Qb3 Rac8 24. Be7 Rxd1+ 25. Rxd1 Nd4 26. Qxb6 axb6 27. Rd3 Bf8 28. Bf6 Bg7 29. Nd6 Ra8 30. Bxg7 Kxg7 31. c3 Ne6 32. Nf5+ Kh7 33.
Rd7 Rf8 34. Kc2 Ng7 35. Nxg7 Kxg7 36. Re7 Ra8 37. a3 Ra5 38. Rc7 Rc5 39. Rb7 b5 40.
b4 Rc4 41. Kd3 Kf6 42. Ra7 Ke6 43. a4 f5 44. gxf5+ Kxf5 45. axb5 cxb5 46. Ra6 g4 47. fxg4+ Rxg4 48. Rxh6 Rg3+ 49. Kc2 Ke4 50. Rh8 Kd5 0-1

[Event "Early-Titled-Tuesday-Blitz-October-03-2023"]
[Site "Chess.com"]
[Date "2023.10.03"]
[Round "9"]
[White "RianKapriaga"]
[Black "DarZay"]
[Result "0-1"]
[WhiteElo "2319"]
[BlackElo "2224"]
[TimeControl "180+1"]
[EndTime "9:46:56 PDT"]
[Termination "DarZay won on time"]

1. d4 d5 2. Nf3 Nf6 3. Bf4 Bf5 4. e3 e6 5. Ne5 Be7 6. Be2 O-O 7. g4 Bg6 8. h4 h6 9. Nxg6 fxg6 10. g5 Ne4 11.
Nd2 hxg5 12. hxg5 Bxg5 13. Nxe4 Bxf4 14. exf4 dxe4 15. Qd2 Qf6 16. Bc4 Nd7 17. O-O-O Nb6 18. Bb3 Nd5 19. Kb1 Qxf4 20. Bxd5 exd5 21. Qa5 c6 22. Rdg1 Qxf2 23. a3 Rf6 24. Qc7 e3 25.
Qe7 Qf5 26. Qxe3 Re6 27. Qd2 Rae8 28. Rf1 Re2 29. Qc3 Rf2 30. Rxf2 Qxf2 31. Qh3 Re1+ 32.
Rxe1 Qxe1+ 33. Ka2 Kf7 34. Qc8 Qe7 35. Qb8 g5 36. c3 a6 37. Kb3 Kg6 38. Ka4 g4 39. Ka5 Kh5 40. b4 Kh4 41. Qh2+ Kg5 42. Qd2+ Kf5 43. Qf2+ Kg6 44. Kb6 Qd7 45. a4 Kh6 46. a5 g5 47. Qh2+ Kg6 48. Qc2+ Qf5 0-1

[Event "Early-Titled-Tuesday-Blitz-October-03-2023"]
[Site "Chess.com"]
[Date "2023.10.03"]
[Round "9"]
[White "NovozhilovSemen"]
[Black "blitzking1729"]
[Result "0-1"]
[WhiteElo "2592"]
[BlackElo "2728"]
[TimeControl "180+1"]
[EndTime "9:46:57 PDT"]
[Termination "blitzking1729 won by resignation"]

1. d4 f5 2. c4 Nf6 3. Nc3 e6 4. Qc2 Bb4 5. e3 O-O 6. Bd3 b6 7. Ne2 Bb7 8. f3 c5 9. d5 exd5 10. cxd5 Nxd5 11. Bxf5 Kh8 12. O-O Nf6 13. e4 d5 14. e5 Nfd7 15. Bf4 Bxc3 16. bxc3 Ba6 17. Bd3 g6 18. Rad1 Bb7 19. Rfe1 Qe8 20. Bb5 a6 21.
Bxd7 Nxd7 22. Bg3 Rf5 23. e6 Nf8 24. e7 Nd7 25. Bc7 Rf7 26. Bd8 Rxd8 27. exd8=Q Qxd8 28. Ng3 Kg7 29. Qe2 Nf6 30. Qe6 Bc8 31. Qe5 Kg8 32.
h4 h5 33. Qg5 Kh7 34. Rd2 Qd6 35. Rde2 d4 36. cxd4 cxd4 37. Ne4 Nxe4 38. Rxe4 d3 39. Qe3 Bf5 40. Rd4 Qc5 41. g4 hxg4 42. fxg4 Bxg4 43. Rxg4 d2 44. Kh2 Qxe3 0-1

[Event "Early-Titled-Tuesday-Blitz-October-03-2023"]
[Site "Chess.com"]
[Date "2023.10.03"]
[Round "9"]
[White "wannabe2700"]
[Black "NMJeevanK"]
[Result "1-0"]
[WhiteElo "2686"]
[BlackElo "2536"]
[TimeControl "180+1"]
[EndTime "9:47:00 PDT"]
[Termination "wannabe2700 won by resignation"]

1. b3 d6 2. Bb2 Nd7 3. d4 Ngf6 4. Nf3 g6 5. g3 Bg7 6. Bg2 O-O 7. O-O a5 8. a4 Re8 9. Nc3 e5 10. dxe5 dxe5 11. e4 b6 12. Nd2 Bb7 13. Nc4 Nc5 14.
f3 h5 15. Nb5 Nfd7 16. Qe2 h4 17. Rad1 Ba6 18. Bh3 Bxb5 19. axb5 hxg3 20. hxg3 Qe7 21.
Ne3 Nf6 22. Ba3 Rad8 23. Kh2 Nh5 24. Bg4 Nf6 25. Bh3 Nh5 26. Nd5 Qg5 27. Rg1 Ne6 28.
Bxe6 fxe6 29. Ne7+ Kf7 30. Nc6 Rxd1 31. Qxd1 Nf6 32.
Kg2 Rh8 33. Bc1 Qh5 34. Rh1 Qxh1+ 35. Qxh1 Rxh1 36. Kxh1 Ne8 37. Bb2 Nd6 38. c4 a4 39.
bxa4 Nxc4 40. Bc3 Bf6 41. Kg2 g5 42. Kh3 Kg6 43. Kg2 Kf7 44. Kf2 Kg6 45. Ke2 g4 46. fxg4 Kg5 47. Kd3 Nd6 48. Bxe5 Bxe5 49. Nxe5 Nb7 50.
Kd4 Nc5 51. Nd3 Nxd3 52. Kxd3 Kxg4 53. Kd4 Kxg3 54. Ke5 Kf3 55. Kxe6 Kxe4 56. Kd7 Kd5 57. Kxc7 Kc5 58. Kb7 Kb4 59. Kxb6 Kxa4 60. Ka6 1-0

[Event "Early-Titled-Tuesday-Blitz-October-03-2023"]
[Site "Chess.com"]
[Date "2023.10.03"]
[Round "9"]
[White "lefonghua"]
[Black "ChessicallyInclined"]
[Result "0-1"]
[WhiteElo "2587"]
[BlackElo "2783"]
[TimeControl "180+1"]
[EndTime "9:47:02 PDT"]
[Termination "ChessicallyInclined won by resignation"]

1. d4 Nf6 2. c4 e6 3. Nc3 Bb4 4. f3 c5 5. a3 Bxc3+ 6. bxc3 d6 7. e4 e5 8. Be3 b6 9. Bd3 Nc6 10.
Ne2 h6 11. O-O g5 12. d5 Ne7 13. Ng3 Kd7 14. a4 a5 15. Rb1 Kc7 16. Rb2 Bd7 17.
Bc2 Qg8 18. Qd2 Qg6 19. Rfb1 Rab8 20. Qd3 h5 21. Nf5 Nxf5 22. exf5 Qg7 23. Qd2 Rhg8 24. h3 g4 25. fxg4 hxg4 26. h4 g3 27. Bg5 Nh7 28.
f6 Nxf6 29. Rf1 Ng4 30. Bd1 f6 31. Bxg4 fxg5 32. Bxd7 Qxd7 33. Rf6 gxh4 34. Qh6 Rh8 35. Qg5 Rbg8 36. Qf5 Qxf5 37. Rxf5 Rf8 38. Rg5 Rh7 39. Rb1 Rf4 40. Rf1 Rhf7 41. Rxf4 Rxf4 42. Rg7+ Kd8 43. Rg8+ Ke7 44. Rg7+ Kf6 45. Rd7 Rxc4 46. Rxd6+ Kf5 47. Rxb6 Rxc3 48. Kf1 Rd3 49. d6 c4 50. Ke2 e4 51.
Rb5+ Kf4 52. Rxa5 c3 53. Rc5 Rd2+ 54. Ke1 Rxg2 55. Rc4 Rd2 56. Rxc3 Rxd6 57. a5 h3 58. a6 h2 0-1

[Event "Early-Titled-Tuesday-Blitz-October-03-2023"]
[Site "Chess.com"]
[Date "2023.10.03"]
[Round "9"]
[White "LangesNasenhaar"]
[Black "hypert"]
[Result "1-0"]
[WhiteElo "2459"]
[BlackElo "2510"]
[TimeControl "180+1"]
[EndTime "9:47:02 PDT"]
[Termination "LangesNasenhaar won by resignation"]

1. d4 d5 2. Nc3 e6 3. Bf4 Bb4 4. Qd3 c5 5. a3 Bxc3+ 6. Qxc3 cxd4 7. Qg3 Nc6 8. Qxg7 Qf6 9. Qg3 e5 10. Bg5 Qg6 11. Nf3 f6 12. Bd2 Nge7 13. Qxg6+ hxg6 14. e3 dxe3 15. fxe3 Bf5 16. c4 d4 17. exd4 e4 18. d5 exf3 19. dxc6 Nxc6 20. Bc3 fxg2 21. Bxg2 O-O 22. O-O Rae8 23. Rf2 Kg7 24. Rd1 Re7 25.
Rd6 Re6 26. Rd7+ Re7 27. Rxe7+ Nxe7 28. Bxb7 Rd8 29. Rd2 Rxd2 30. Bxd2 Kf7 31. Kf2 g5 32. Ke3 Be6 33. c5 f5 34. Kd4 f4 35. Ke5 Ng6+ 36. Kd6 g4 37. Be4 f3 38. Bxg6+ Kxg6 39.
Be1 Kf5 40. c6 Bc8 41. Kd5 Kf4 42. Kd4 Kg5 43. Bg3 Kf5 44. b4 a6 45. a4 Ke6 46.
b5 axb5 47. axb5 Ke7 48. Kc5 Ke6 49. b6 f2 50. Bxf2 Ba6 51. Bg3 Ke7 52. b7 Bxb7 53. cxb7 1-0

[Event "Early-Titled-Tuesday-Blitz-October-03-2023"]
[Site "Chess.com"]
[Date "2023.10.03"]
[Round "9"]
[White "Gurvich_Vitaly"]
[Black "Martial2008"]
[Result "1-0"]
[WhiteElo "2739"]
[BlackElo "2603"]
[TimeControl "180+1"]
[EndTime "9:47:04 PDT"]
[Termination "Gurvich_Vitaly won by checkmate"]

1. e4 e5 2. Nf3 Nc6 3. Bb5 a6 4. Bxc6 dxc6 5. O-O Bg4 6. h3 h5 7. d3 Qf6 8. Be3 Ne7 9. Nbd2 Ng6 10. c3 Nf4 11. d4 Bd6 12. Bxf4 Qxf4 13. Qe2 O-O-O 14.
Qe3 exd4 15. cxd4 Qxe3 16. fxe3 Be6 17. e5 Be7 18. Ne4 b6 19. a3 Kb7 20. Rac1 c5 21.
dxc5 Bd5 22. Nfg5 Rhf8 23. cxb6 cxb6 24. Rf4 f5 25. exf6 gxf6 26. Nh7 Bxe4 27. Nxf8 f5 28. Ne6 Rd7 29. Nd4 Bd6 30. Rff1 Bc5 31. Rcd1 a5 32. Rf2 h4 33. Kf1 a4 34. Ke1 Rg7 35. Rdd2 Rg3 36. Nxf5 Bxf5 37. Rxf5 Bxe3 38. Re2 Kc6 39. Rf3 Rxf3 40.
gxf3 Bd4 41. Kd1 Kd5 42. Kc2 Kc4 43. Re4 b5 44. Rxh4 b4 45. Rxd4+ Kxd4 46. axb4 Kc4 47. h4 Kxb4 48. Kb1 Kc5 49. h5 Kd6 50. h6 Ke6 51. h7 Kf6 52. h8=Q+ Kg6 53. Qa8 Kf5 54. Qxa4 Ke5 55.
Qc2 Kf6 56. b4 Ke6 57. b5 Kd6 58. b6 Kd7 59. b7 Ke7 60. b8=Q Kf7 61. Qf5+ Ke7 62.
Qc7+ Ke8 63. Qfc8# 1-0

[Event "Early-Titled-Tuesday-Blitz-October-03-2023"]
[Site "Chess.com"]
[Date "2023.10.03"]
[Round "9"]
[White "ferrufino64"]
[Black "KorolDimitriy75"]
[Result "1-0"]
[WhiteElo "2229"]
[BlackElo "2370"]
[TimeControl "180+1"]
[EndTime "9:47:04 PDT"]
[Termination "ferrufino64 won by resignation"]

1. e4 c5 2. Nf3 d6 3. d4 cxd4 4.
Nxd4 Nf6 5. Nc3 g6 6. Be3 Bg7 7. f3 O-O 8. Qd2 Nc6 9. g4 Be6 10. h4 d5 11. g5 Nh5 12. exd5 Bxd5 13. Nxd5 Qxd5 14. Nxc6 Qxc6 15. O-O-O Rfc8 16. Bh3 e6 17. Bg4 Qb5 18. Bd4 Qc4 19. Bxg7 Kxg7 20. Kb1 Ng3 21. Rhe1 Rc7 22. c3 Rac8 23. Qe3 b6 24. Qe5+ Kg8 25. Qxg3 a5 26. Rd4 Qb5 27. Red1 Rxc3 28. Rd8+ Rxd8 29.
Rxd8+ Kg7 30. Qe1 Rc5 31. Rd2 a4 32. Qe2 Qb4 33. a3 Qb3 34. Qd3 Rd5 35. Qxb3 axb3 36. Rxd5 exd5 37. Kc1 f5 38. gxf6+ Kxf6 39. f4 h5 40. Bd1 Kf5 41. Bxb3 Kxf4 42. Bxd5 Kg4 43. Bf7 Kxh4 44. Bxg6 Kg5 45. Be8 h4 46. Kc2 Kf4 47. Kc3 h3 48. Kb4 h2 49. Bc6 Ke5 50. Kb5 Kd4 51.
Kxb6 Kc4 52. a4 Kb3 53. a5 Kxb2 54. Bh1 Kc3 55. a6 Kd4 56. a7 Ke3 57. a8=Q Kf2 58. Qg2+ Ke3 59. Qxh2 Kd3 60. Qh4 Ke3 61. Bb7 Ke2 62. Kc5 Kd3 63. Qe4+ Kd2 64. Qf3 Kc2 65. Kc4 Kd2 66. Kd4 Kc2 67. Qd3+ Kb2 68. Qc3+ Ka2 69. Qb4 Ka1 70. Kc3 1-0

[Event "Early-Titled-Tuesday-Blitz-October-03-2023"]
[Site "Chess.com"]
[Date "2023.10.03"]
[Round "9"]
[White "JosefineHeinemann"]
[Black "arenal72"]
[Result "0-1"]
[WhiteElo "2511"]
[BlackElo "2393"]
[TimeControl "180+1"]
[EndTime "9:47:05 PDT"]
[Termination "arenal72 won by resignation"]

1. Nf3 d6 2. d4 Nf6 3. c4 g6 4. g3 Bg7 5. Bg2 O-O 6. O-O Bf5 7.
b3 c6 8. Bb2 Qc7 9. Nc3 Ne4 10.
Nh4 Nxc3 11. Bxc3 Bd7 12. Nf3 a5 13. Qd2 a4 14. e4 e5 15. dxe5 dxe5 16. Rfd1 f6 17.
Qd6 Qxd6 18. Rxd6 Rf7 19. Rad1 Bf8 20. R6d2 axb3 21. axb3 Ra3 22. Rb2 Bc5 23. Ne1 Na6 24. Nd3 Bd4 25. Bxd4 exd4 26. f4 b6 27. Re1 Nc5 28.
Nxc5 bxc5 29. e5 Re7 30. Kf2 fxe5 31. Rxe5 Rxe5 32. fxe5 Kf7 33. b4 cxb4 34. Rxb4 Rc3 35. Rb7 Ke8 36. e6 Bxe6 37. Bxc6+ Kf8 38. Bd5 Bg4 39.
h4 Rc2+ 40. Ke1 d3 41. Rf7+ Ke8 42. Rf2 Rxf2 43. Kxf2 d2 44. Bc6+ Ke7 45. Ba4 Kd6 46. Ke3 d1=Q 47. Bxd1 Bxd1 48. Kd4 Bg4 49. c5+ Kc6 50. Kc4 h5 51. Kd4 Bf5 52. Kc4 Be6+ 53. Kd4 Bb3 54. Ke5 Kxc5 55. Kf6 Bc2 56. Kg5 Bf5 57. g4 Bxg4 58. Kxg6 Kd4 59. Kg5 Ke4 60. Kf6 Kf4 61. Kg6 Kg3 0-1

[Event "Early-Titled-Tuesday-Blitz-October-03-2023"]
[Site "Chess.com"]
[Date "2023.10.03"]
[Round "9"]
[White "Byniolus"]
[Black "Defenstrator"]
[Result "1-0"]
[WhiteElo "2747"]
[BlackElo "2471"]
[TimeControl "180+1"]
[EndTime "9:47:06 PDT"]
[Termination "Byniolus won by resignation"]

1. d4 Nf6 2. Nf3 g6 3. Bf4 Bg7 4. e3 O-O 5. Be2 d6 6. h3 Nc6 7. c4 Nd7 8. O-O e5 9. Bh2 f5 10. Nc3 g5 11. dxe5 dxe5 12. Qd5+ Kh8 13. Rad1 Qe7 14.
Qd2 h5 15. Nd5 Qd8 16. Nxg5 Qxg5 17. Nxc7 Rb8 18. Ne6 Qe7 19. Nxf8 Nxf8 20. Bxh5 Be6 21. b3 Qh4 22. Be2 Re8 23. Qd6 Ng6 24. Bg3 Qg5 25.
Bf3 f4 26. exf4 exf4 27. Bh2 Nh4 28. Qxf4 Qxf4 29. Bxf4 Nxf3+ 30. gxf3 Bxh3 31. Rfe1 Rg8 32. Bg3 Bf5 33. Kg2 Bf6 34. Rd5 Bg6 35. Rd7 Rg7 36. Red1 Rxd7 37. Rxd7 Na5 38. Bb8 Bb1 39. Rd2 Kg7 40.
Bxa7 Nc6 41. Bc5 Kg6 42. f4 Kf5 43. Kg3 Bd8 44. b4 Bc7 45. Rd5+ Kf6 46. b5 Na5 47.
b6 Bb8 48. Bd4+ Kf7 49. Rxa5 1-0

[Event "Early-Titled-Tuesday-Blitz-October-03-2023"]
[Site "Chess.com"]
[Date "2023.10.03"]
[Round "9"]
[White "FairChess_on_YouTube"]
[Black "Zavgorodniy_Sergiy"]
[Result "1/2-1/2"]
[WhiteElo "3042"]
[BlackElo "2638"]
[TimeControl "180+1"]
[EndTime "9:47:07 PDT"]
[Termination "Game drawn by repetition"]

1. d4 Nf6 2. c4 e6 3. Nf3 Bb4+ 4.
Bd2 Qe7 5. g3 Nc6 6. Bg2 Bxd2+ 7. Nbxd2 d6 8. Nf1 e5 9. Ne3 Bg4 10. d5 Bxf3 11. exf3 Nd4 12. O-O O-O 13. Re1 c5 14.
dxc6 bxc6 15. f4 Rab8 16. b3 Qc7 17. Qd3 Rfe8 18. Rad1 c5 19. fxe5 dxe5 20. Nd5 Nxd5 21. Bxd5 g6 22. Kg2 Kg7 23. Re3 f5 24. Qc3 a5 25. h4 h5 26. Qa1 Re7 27. Qc3 Rbe8 28. f3 Kh7 29. Rde1 e4 30. f4 Qb6 31. Rb1 Rb8 32. a3 Rc7 33. Rb2 Re7 34. Re1 Rc7 35. Reb1 Qa7 36. Kh3 Re7 37. b4 axb4 38. axb4 cxb4 39. Rxb4 Rxb4 40. Qxb4 e3 41. Qd6 e2 42.
Qd8 Rg7 43. Qc8 Qe7 44. Rb8 Kh6 45. Qh8+ Rh7 46. Qxd4 e1=Q 47. Rb7 Qxb7 48. Bxb7 Rxb7 49.
Qh8+ Rh7 50. Qf8+ Rg7 51. Qh8+ Rh7 52. Qf8+ Rg7 53. Qh8+ Rh7 1/2-1/2

[Event "Early-Titled-Tuesday-Blitz-October-03-2023"]
[Site "Chess.com"]
[Date "2023.10.03"]
[Round "9"]
[White "ChessQueen"]
[Black "borocotoajua"]
[Result "1/2-1/2"]
[WhiteElo "2720"]
[BlackElo "2611"]
[TimeControl "180+1"]
[EndTime "9:47:09 PDT"]
[Termination "Game drawn - insufficient material"]

1. e4 c6 2. Nc3 d5 3. Nf3 Bg4 4. h3 Bxf3 5. Qxf3 e6 6. g3 d4 7. Ne2 Nd7 8. d3 Qb6 9. g4 Bd6 10. h4 Ne7 11. Bg2 Qa5+ 12. Bd2 Qb6 13. Rb1 a5 14. h5 h6 15. Qh3 a4 16. f4 a3 17. e5 Bc5 18. b4 Nd5 19. Bxd5 cxd5 20.
O-O Be7 21. Rb3 Rc8 22. Rc1 Qa7 23. Qg3 Nb6 24. f5 Na4 25. fxe6 fxe6 26. Nf4 Qb6 27. Ng6 Rg8 28. Qf2 Bg5 29. Bxg5 hxg5 30. Rf1 Qc7 31. Rxa3 Nc3 32. Qf8+ Rxf8 33. Rxf8+ Kd7 34. Rf7+ Kc6 35. Rxc7+ Rxc7 36. Ra8 Kb5 37. Nf8 Ne2+ 38. Kf1 Nf4 39. Re8 Rxc2 40. Nxe6 Rc1+ 41. Kf2 Nxd3+ 42. Ke2 Nxe5 43.
Nxd4+ Kc4 44. Rc8+ Kxd4 45. Rxc1 Nxg4 46. Rg1 Nf6 47.
Rxg5 Ne8 48. Rf5 Kc4 49. Rf7 b5 50. Re7 Nf6 51. Rxg7 Nxh5 52. Rg4+ d4 53. Kd2 Nf6 54. Rg6 Nd5 55. Rc6+ Kxb4 56. Kd3 Nc3 57. Kxd4 Nxa2 58. Rc2 Kb3 59. Rxa2 Kxa2 60. Kc5 Kb3 61. Kxb5 1/2-1/2

[Event "Early-Titled-Tuesday-Blitz-October-03-2023"]
[Site "Chess.com"]
[Date "2023.10.03"]
[Round "9"]
[White "Yushko_Olga"]
[Black "BeautiFullMindChess"]
[Result "0-1"]
[WhiteElo "2100"]
[BlackElo "2380"]
[TimeControl "180+1"]
[EndTime "9:47:09 PDT"]
[Termination "BeautiFullMindChess won by checkmate"]

1. d4 Nf6 2. c4 g6 3. Nc3 d5 4. Nf3 Bg7 5. Bf4 O-O 6. e3 c5 7. Be2 cxd4 8. exd4 dxc4 9. Bxc4 Nc6 10. O-O Na5 11.
Be2 Be6 12. Qa4 Rc8 13. Rac1 Bc4 14. Ne5 Bxe2 15. Nxe2 Rxc1 16. Rxc1 Nd5 17. Bg3 Bxe5 18. Bxe5 Nc6 19. Bg3 Qb6 20. b3 Rd8 21. h3 Qb4 22. Qxb4 Ndxb4 23. a3 Nd5 24. f3 f6 25. b4 a6 26. Rc5 Kf7 27. b5 axb5 28. Rxb5 Rd7 29. a4 b6 30. Be1 g5 31. a5 bxa5 32. Bxa5 Ne3 33. Bc3 Nd5 34. Be1 h5 35. Kf2 h4 36.
Rc5 Nd8 37. Ba5 Ne6 38. Rb5 Ndf4 39. Nxf4 Nxf4 40. Bc3 Ra7 41. Bd2 Ra2 42. Ke1 Nxg2+ 43. Ke2 Nf4+ 44. Ke3 Nxh3 45. Rb7 Ra3+ 46. Ke4 Ra6 47. Kf5 Nf2 48. d5 Ra8 49. Bb4 Re8 50. d6 h3 51. d7 e6# 0-1

[Event "Early-Titled-Tuesday-Blitz-October-03-2023"]
[Site "Chess.com"]
[Date "2023.10.03"]
[Round "9"]
[White "vugarrasulov"]
[Black "ShiroglanTalibov"]
[Result "0-1"]
[WhiteElo "2945"]
[BlackElo "2918"]
[TimeControl "180+1"]
[EndTime "9:47:11 PDT"]
[Termination "ShiroglanTalibov won by checkmate"]

1. d4 Nf6 2. c4 e6 3. Nc3 Bb4 4. g3 c5 5. a3 Bxc3+ 6. bxc3 Nc6 7. Bg2 O-O 8. Nf3 b6 9. Ne5 Bb7 10. Nxc6 Bxc6 11. Bxc6 dxc6 12. O-O cxd4 13. cxd4 h6 14. Qd3 Rc8 15. a4 Re8 16. a5 bxa5 17. Rd1 Qc7 18. Bf4 Qd8 19. Qa3 Ne4 20. f3 Ng5 21. Kg2 Re7 22. Qxa5 Rd7 23. Qc5 e5 24. Bxe5 Ne6 25.
Qa5 f6 26. Bf4 Nxf4+ 27. gxf4 Rxd4 28. Qf5 Rxd1 29. Rxd1 Qxd1 30. Qxc8+ Kh7 31. Qf5+ Kg8 32. Qe6+ Kh8 33. f5 a5 34. c5 a4 35. Qxc6 Qxe2+ 36. Kg3 Qe5+ 37. Kf2 Qxh2+ 38. Kf1 Qh1+ 39. Ke2 Qg2+ 40.
Ke3 Qg1+ 41. Ke4 Qe1+ 42. Kd5 Qd2+ 43. Ke6 Qe3+ 44. Kf7 Kh7 45. Qc8 Qb3+ 46. Qe6 Qb7+ 47. Kf8 Qb8+ 48. Qe8 Qc7 49. c6 Qd6+ 50. Kf7 Qc7+ 51.
Ke6 Qe5+ 52. Kd7 Qd5+ 53. Kc8 Qxf5+ 54. Qd7 Qxf3 55. c7 Qa8# 0-1

[Event "Early-Titled-Tuesday-Blitz-October-03-2023"]
[Site "Chess.com"]
[Date "2023.10.03"]
[Round "9"]
[White "MidnightFox"]
[Black "TregubovP"]
[Result "1-0"]
[WhiteElo "2497"]
[BlackElo "2586"]
[TimeControl "180+1"]
[EndTime "9:47:11 PDT"]
[Termination "MidnightFox won by resignation"]

1. d4 Nf6 2. c4 e6 3. g3 Bb4+ 4. Nd2 O-O 5. Bg2 Re8 6. Nf3 b6 7. O-O Bb7 8. Qc2 d5 9. c5 bxc5 10. dxc5 Na6 11. Nb3 Qe7 12. Be3 Ng4 13. Bg5 f6 14. c6 Bc8 15. Bd2 e5 16. Rac1 Be6 17. h3 Bxd2 18. Nfxd2 Nh6 19. a3 Rab8 20. e3 Rb6 21. Rfd1 Nf7 22. Na5 e4 23. b4 Ne5 24.
Ndb3 Nd3 25. Rxd3 exd3 26. Qxd3 Rd8 27. Nd4 Nb8 28. Rc5 Bf7 29. Nf5 Qe5 30. g4 h5 31.
e4 hxg4 32. hxg4 Qf4 33. exd5 Qxg4 34. d6 Na6 35. Rc1 cxd6 36. c7 Nxc7 37. Rxc7 Re8 38.
Ne3 Qg5 39. Rxa7 Rb5 40. Nac4 Rd8 41. Nxd6 Rb6 42. Nxf7 Rxd3 43. Nxg5 fxg5 44. Bd5+ Kf8 45. Rc7 Re6 46. Bxe6 Rxa3 47. Kg2 Ra2 48. b5 Rb2 49. Bc4 Rb4 50. Rc6 g4 51. b6 Ke7 52. Rc7+ Kd6 53.
Nd5 Rb2 54. b7 g3 55. Kxg3 Rb1 56. Ba6 Rb2 57. Kf3 Kxd5 58. Rc8 Kd6 59. b8=Q+ Rxb8 60. Rxb8 Kd5 61. Rg8 1-0